 Dungeon Crawl Stone Soup version 0.28.0-47-ge53b351184 (webtiles) character file.

Game seed: 1513643021691611747

5338 sanboga the Fighter (level 10, -12/66 HPs)
             Began as a Gargoyle Fighter on Apr 27, 2022.
             Mangled by Joseph
             ... wielding a +0 quarterstaff
              (27 damage)
             ... on level 8 of the Dungeon on Apr 28, 2022.
             The game lasted 00:14:45 (11435 turns).

sanboga the Fighter (Gargoyle Fighter)             Turns: 11435, Time: 00:14:46

Health: -12/66     AC: 23    Str: 23    XL:     10   Next: 65%
Magic:  10/10      EV:  5    Int: 10    God:
Gold:   240        SH: 14    Dex:  5    Spells: 9/9 levels left

rFire   + . .      SeeInvis .   a - +7 broad axe of Sin {freeze, +Blink rElec rN+ Dex-4}
rCold   . . .      Faith    .   e - +5 kite shield of the Heavens {Harm rF+}
rNeg    + + +      Spirit   .   s - +0 plate armour
rPois   ∞          Reflect  .   (no helmet)
rElec   +          Harm     +   (no cloak)
rCorr   .          Rampage  .   r - +1 pair of gloves
Will    +....                   (no boots)
Stlth   ..........              (no amulet)
HPRegen 0.21/turn               n - ring of willpower
MPRegen 0.12/turn               u - ring of positive energy

@: studying Fighting
A: sickness immunity, AC +7, negative energy resistance 1, electricity
resistance, torment resistance 1, petrification resistance
a: Evoke Blink


You were on level 8 of the Dungeon.
You visited 2 branches of the dungeon, and saw 9 of its levels.
You also visited: Sewer.

You collected 440 gold pieces.
You spent 200 gold pieces at shops.

Inventory:

Hand Weapons
 a - the +7 broad axe of Sin (weapon) {freeze, +Blink rElec rN+ Dex-4}
   (You acquired it on level 7 of the Dungeon)

   It freezes those it strikes, dealing additional cold damage.
   It can also slow down cold-blooded creatures.
   Dex:       It affects your dexterity (-4).
   rElec:     It insulates you from electricity.
   rN:        It protects you from negative energy.
   +Blink:    It lets you blink.
 b - a +2 vorpal war axe
Armour
 e - the +5 kite shield of the Heavens (worn) {Harm rF+}
   (You acquired it in a sewer)

   rF:        It protects you from fire.
   Harm:      It increases damage dealt and taken.
 r - a +1 pair of gloves (worn)
 s - a +0 plate armour (worn)
Jewellery
 n - a ring of willpower (left hand)
 u - a ring of positive energy (right hand)
 y - a ring of ice
Wands
 o - a wand of digging (7)
 x - a wand of acid (9)
 z - a wand of flame (13)
Scrolls
 c - a scroll of enchant armour
 f - 5 scrolls of blinking
 g - 4 scrolls of fear
 i - a scroll of teleportation
 j - 3 scrolls of fog
 l - a scroll of holy word
 p - a scroll of identify
 t - a scroll of magic mapping
 w - 3 scrolls of silence
Potions
 d - a potion of might
 h - a potion of heal wounds
 k - 4 potions of curing
 m - 2 potions of mutation
 q - 4 potions of invisibility
 v - 3 potions of flight
 A - a potion of brilliance {unknown}


   Skills:
 + Level 9.3 Fighting
 * Level 9.2 Axes
 + Level 8.3 Armour
 + Level 8.3 Shields


You had 9 spell levels left.
You didn't know any spells.
Your spell library contained the following spells:

 Spells                   Type           Power      Damage    Failure   Level
 Animate Skeleton         Necr           0%         N/A       100%        1
 Apportation              Tloc           0%         N/A       100%        1
 Foxfire                  Conj/Fire      0%         2x1d4     100%        1
 Summon Small Mammal      Summ           0%         N/A       100%        1
 Conjure Flame            Conj/Fire      0%         6-21      100%        3
 Inner Flame              Hex/Fire       0%         N/A       100%        3
 Flame Wave               Conj/Fire      0%         2d4       100%        4


Dungeon Overview and Level Annotations

Branches:
Dungeon (8/15)             Temple (1/1) D:4           Sewer (visited)
   Lair: D:8-11

Altars:
Cheibriados
Dithmenos
Elyvilon
Gozag
Hepliaklqana
Kikubaaqudgha
Makhleb
Nemelex Xobeh
Okawaru
Ru
Uskayaw
Vehumet
Wu Jian
Xom
Yredelemnul
The Shining One

Shops:
D:2 !

Annotations:
D:8 Joseph


Innate Abilities, Weirdness & Mutations

You are immune to sickness and miasma.
Your stone body is resilient. (AC +7)
You are immune to poison.
You resist negative energy. (rN+)
You are resistant to electric shocks. (rElec)
You are resistant to unholy torment.
You are immune to petrification.


Message History

Things that are here:
a +0 club; a +0 robe; a +0 whip of holy wrath You see here a +0 spear.
Joseph, a Mercenary comes into view.
He is wielding a +0 quarterstaff.
Joseph shouts!
Joseph unwields a +0 quarterstaff.
Joseph wields a +0 hunting sling.
Joseph shoots a sling bullet.
The sling bullet hits you!
Joseph shoots a sling bullet.
The sling bullet hits you!
Joseph unwields a +0 hunting sling.
Joseph wields a +0 quarterstaff.
You block Joseph's attack.
You slash Joseph! You freeze Joseph!
Joseph is heavily wounded.
Joseph drinks a potion.
Joseph goes berserk!
You hit Joseph. You freeze Joseph.
Joseph is heavily wounded.
Joseph hits you with a +0 quarterstaff! Joseph hits you with a +0 quarterstaff.
You closely miss Joseph.
Joseph is heavily wounded.
Joseph hits you with a +0 quarterstaff!
* * * LOW HITPOINT WARNING * * *
Joseph hits you but does no damage.
You slice Joseph!! You freeze Joseph.
Joseph is severely wounded.
Joseph completely misses you. Joseph hits you but does no damage.
You closely miss Joseph.
Joseph is severely wounded.
You block Joseph's attack. Joseph hits you but does no damage.
You feel much better. Joseph hits you with a +0 quarterstaff!
You closely miss Joseph.
Joseph is severely wounded.
You block Joseph's attack. Joseph hits you with a +0 quarterstaff.
You slash Joseph! You freeze Joseph.
Joseph is almost dead.
Joseph hits you with a +0 quarterstaff!
* * * LOW HITPOINT WARNING * * *
Joseph hits you but does no damage.
You barely miss Joseph.
Joseph is almost dead.
Joseph hits you with a +0 quarterstaff!!
You die...

#.# #.......#
#.# ###.......##
#.# #...........
#.####
#.##.#######
#....# #.##.#
##⌠.⌠.#
#######.##.#
#.._..#
#.......##.#
#.⌠.⌠##
#.########.#
#...## #@# ##.##
##.##
#@#######...#
#.#
#...........####
#.# ####
#......# #.#
##.###.# #.# #.#
#.# #.##### #.#
#)# #.....# #.#
#.# #####.#
######.# #.#


You could see Joseph (berserk).

Vanquished Creatures
  Pikel (D:4)
  Maggie (D:6)
  The ghost of croobank the Chopper, an amateur GnCA of Ignis (D:4)
  Prince Ribbit (D:6)
  2 hornets
  A wyvern (D:6)
  2 steam dragons (D:8)
  Eustachio (D:5)
  A water moccasin (D:5)
  Duvessa (D:6)
  A sky beast (D:5)
  3 ice beasts
  An orc warrior (D:6)
  3 hornet zombies
  2 ogres
  A necrophage (D:7)
  A centaur (D:8)
  A phantom (D:4)
  A kobold brigand (D:8)
  A bullfrog (D:7)
  2 scorpions (D:7)
  A water moccasin zombie (D:5)
  Dowan (D:6)
  A water moccasin skeleton (D:4)
  5 electric eels
  9 wights
  A bullfrog zombie (D:5)
  2 jellies
  A centaur skeleton (D:6)
  2 gnoll shamans
  6 orc priests
  A bullfrog skeleton (D:4)
  2 iguanas
  5 orc wizards
  A killer bee zombie (D:8)
  11 gnolls
  A howler monkey skeleton (D:6)
  3 river rats
  7 adders
  A shadow imp (D:7)
  5 white imps
  An ufetubus (D:4)
  An adder skeleton (D:4)
  3 worms
  4 dart slugs
  32 orcs
  7 bats
  10 endoplasms
  4 giant cockroaches
  6 hobgoblins
  4 jackals (D:3)
  4 quokkas
  9 ball pythons
  11 frilled lizards
  4 goblins
  2 jackal skeletons (D:4)
  10 kobolds
  A quokka skeleton (D:4)
  8 rats
216 creatures vanquished.

Vanquished Creatures (others)
  24 plants (D:6)
24 creatures vanquished.

Grand Total: 240 creatures vanquished

Notes
Turn   | Place    | Note
-------+----------+-------------------------------------------
     0 | D:1      | sanboga the Gargoyle Fighter began the quest for the Orb.
     0 | D:1      | Reached XP level 1. HP: 14/14 MP: 1/1
   218 | D:1      | Reached XP level 2. HP: 10/19 MP: 2/2
  1099 | D:2      | Reached XP level 3. HP: 18/23 MP: 3/3
  1211 | D:2      | Found a faded altar of an unknown god.
  1323 | D:2      | Found Loxoe's Distillery.
  1332 | D:2      | Bought a potion of degeneration for 10 gold pieces
  1372 | D:2      | Reached XP level 4. HP: 21/29 MP: 4/4
  2392 | D:2      | Bought a potion of mutation for 80 gold pieces
  2839 | D:3      | Found an opulent altar of Gozag.
  3045 | D:3      | Reached XP level 5. HP: 30/33 MP: 5/5
  3490 | D:4      | Noticed an ogre
  3492 | D:4      | Reached XP level 6. HP: 32/38 MP: 6/6
  3802 | D:4      | Found a transporter.
  3912 | D:4      | Reached XP level 7. HP: 19/44 MP: 7/7
  4637 | D:4      | Found a transporter.
  4741 | D:4      | Found a staircase to the Ecumenical Temple.
  4934 | D:2      | Bought a potion of mutation for 80 gold pieces
  5232 | Temple   | Entered the Ecumenical Temple
  5396 | D:4      | Noticed croobank's ghost (amateur GnCA)
  5426 | D:4      | Reached skill level 5 in Fighting
  5426 | D:4      | Reached skill level 5 in Shields
  5479 | D:4      | Killed croobank's ghost
  5480 | D:4      | Reached skill level 5 in Axes
  5480 | D:4      | Reached skill level 5 in Armour
  5630 | D:5      | Entered Level 5 of the Dungeon
  5747 | D:2      | Bought a potion of flight for 30 gold pieces
  5798 | D:5      | Noticed Pikel
  5812 | D:4      | Killed Pikel
  5813 | D:4      | Reached XP level 8. HP: 40/51 MP: 8/8
  5922 | D:5      | Noticed Eustachio
  5934 | D:5      | Killed Eustachio
  6094 | D:5      | Found a sacrificial altar of Ru.
  6552 | D:5      | Reached XP level 9. HP: 50/56 MP: 9/9
  6589 | D:5      | Noticed a hornet
  6601 | D:5      | Killed a hornet
  7365 | D:6      | Noticed Maggie
  7378 | D:6      | Killed Maggie
  7678 | D:6      | Found a shadowy altar of Dithmenos.
  7685 | D:6      | Noticed Dowan
  7686 | D:6      | Noticed Duvessa
  7699 | D:6      | Killed Duvessa
  7702 | D:6      | Killed Dowan
  7765 | D:6      | Found a glowing drain.
  7771 | Sewer    | Entered a sewer
  7933 | Sewer    | Identified 2 scrolls of acquirement
  7933 | Sewer    | Acquired the +5 kite shield of the Heavens {Harm rF+}
  7946 | Sewer    | Acquired a manual of Fighting
  8218 | D:6      | Noticed Prince Ribbit
  8227 | D:6      | Killed Prince Ribbit
  8238 | D:6      | Reached XP level 10. HP: 33/64 MP: 10/10
  9625 | D:7      | Acquired the +7 broad axe of Sin {freeze, +Blink rElec rN+
                  | Dex-4}
 10232 | D:8      | Found an iron altar of Okawaru.
 10270 | D:8      | Found an ornate altar of the Wu Jian Council.
 10812 | D:8      | Found a sparkling altar of Nemelex Xobeh.
 11424 | D:8      | Noticed Joseph
 11435 | D:8      | Mangled by Joseph

Illustrated notes

Levels and vault maps discovered:
D:1:      evilmike_arrival_crescent, layout_loops_cross, item_on_display_a
D:2:      layout_basic, hellmonk_ecumenical_altar_leap_of_faith, serial_shops,
          nicolae_lakefront_shop, small_statue_intersection,
          columned_hall_lemuel, minmay_fractal_squares_gapless_5
D:3:      layout_loops_cross, lemuel_round_altar
D:4:      layout_basic, lemuel_temple_firewalk_b, gammafunk_ghost_mausoleum,
          chequers_decorated_corner, kennysheep_generic_room_15
D:5:      layout_loops_corners, nicolae_ru_sacrificial_ziggurat,
          kennysheep_potato, uniq_pikel, uniq_eustachio
D:6:      layout_rooms, grunt_dithmenos_smoke_and_mirrors,
          gup_sewer_entry_bubbles, serial_bayou_lagoon_b, uniq_duvessa,
          uniq_maggie, uniq_prince_ribbit1
D:7:      layout_cave_pods, kennysheep_donut, minmay_misc_feat_secret_circle
D:8:      layout_loops_ring, nemelex_xobeh_ov_fountains_minmay,
          okawaru_gym_becter, nicolae_wu_jian_wuxing_cycle,
          nicolae_water_bricks, kennysheep_generic_room_8, uniq_joseph
Temple:   cyrus_temple_forest

Skill      XL: |  1  2  3  4  5  6  7  8  9 10 |
---------------+-------------------------------+-----
Axes           | 2 3 4 6 8 9 |  9.2
Fighting       | 4 5 6 7 9 |  9.3
Armour         | 4 5 6 7 8 |  8.3
Shields        | 4 5 6 7 8 |  8.3

Action                   |  1- 3 |  4- 6 |  7- 9 | 10-12 || total
-------------------------+-------+-------+-------+-------++-------
Melee: War axe           |    74 |   160 |   253 |    58 ||   545
       Broad axe         |       |       |       |    94 ||    94
  Use: Potion            |       |     2 |     4 |     1 ||     7
       Scroll            |       |       |    13 |     3 ||    16
Armor: Scale mail        |    17 |       |       |       ||    17
       Chain mail        |    31 |   115 |     7 |       ||   153
       Plate armour      |       |       |   191 |    75 ||   266
Dodge: Dodged            |    47 |    70 |    79 |    24 ||   220
Block: Buckler           |    14 |    40 |    47 |       ||   101
       Kite shield       |       |       |    40 |   108 ||   148
